[Event "*** Titled Tuesday 3|2 Blitz"]
[Site "Chess.com"]
[Date "2015.07.07"]
[Round "5"]
[White "kesarev"]
[Black "Keaton87"]
[Result "0-1"]
[WhiteElo "2199"]
[BlackElo "2434"]
[TimeControl "180+2"]
[EndTime "12:00:01 PDT"]
[Termination "Keaton87 won by resignation"]

1. Nf3 Nf6 2. c4 g6 3. Nc3 Bg7 4. e4 O-O 5. d4 d6 6. h3 e5 7.
d5 Na6 8. Be3 Qe8 9. Nd2 Nh5 10.
g3 f5 11. exf5 gxf5 12. Be2 Nf6 13. Bg5 Nc5 14. Qc2 Qg6 15. Bh4 f4 16. Qxg6 hxg6 17. g4 Bd7 18. O-O-O Rae8 19. f3 e4 20. Bxf6 exf3 21. Bxg7 fxe2 22. Bxf8 exd1=Q+ 23. Rxd1 Kxf8 24. Kc2 Kg7 25. b4 Na4 26. Nce4 Nb6 27. Kc3 Rh8 28. Rh1 Bxg4 29. Ng5 Rh5 30. Nde4 Bf5 31. Kd4 Nd7 32. c5 Bxe4 33. Nxe4 Nf6 34. cxd6 cxd6 35. Nxf6 Kxf6 36. Ke4 Rf5 37. Rf1 g5 38. Kf3 Rxd5 39. Rc1 Rd3+ 40. Kg2 Rg3+ 41. Kh2 Ra3 42. Rc2 0-1

[Event "*** Titled Tuesday 3|2 Blitz"]
[Site "Chess.com"]
[Date "2015.07.07"]
[Round "5"]
[White "Penguininja"]
[Black "MichiganEagle"]
[Result "0-1"]
[WhiteElo "2113"]
[BlackElo "2286"]
[TimeControl "180+2"]
[EndTime "12:00:11 PDT"]
[Termination "MichiganEagle won by resignation"]

1. d4 Nf6 2. Nf3 d6 3. c4 g6 4. Nc3 Bf5 5. g3 Bg7 6. Bg2 Ne4 7. O-O Nxc3 8. bxc3 Be4 9. Re1 O-O 10. Bg5 Nd7 11. Bf1 h6 12. Bf4 g5 13. Bc1 c5 14. Nd2 Bg6 15.
e3 e5 16. Bb2 f5 17. Bg2 Kh8 18. Qc2 Qc7 19. Nf3 Rae8 20. a4 Nb8 21. Red1 Nc6 22.
Ba3 b6 23. Ra2 Na5 24. Bf1 Kh7 25. dxe5 dxe5 26. Nd2 e4 27. Nb3 Nc6 28. Bg2 Ne5 29. a5 Nxc4 30. axb6 axb6 31. Bf1 Ne5 32. Be2 Rd8 33. Nd2 Rd7 34. Nc4 Rfd8 35. Raa1 Nd3 36. Bxd3 Rxd3 37. Rxd3 Rxd3 38. Bb2 b5 39. Na3 Qd7 40.
c4 Rd2 41. Qxd2 Qxd2 42. Bxg7 Kxg7 43. cxb5 Qb2 44. Rb1 Qxa3 45. b6 Qa2 46. Rb5 Qa6 47.
Rb1 Qb7 48. Kf1 Kf6 49. Ke1 0-1

[Event "*** Titled Tuesday 3|2 Blitz"]
[Site "Chess.com"]
[Date "2015.07.07"]
[Round "5"]
[White "pedromartinez91"]
[Black "geeeeri"]
[Result "1-0"]
[WhiteElo "2167"]
[BlackElo "2307"]
[TimeControl "180+2"]
[EndTime "12:00:13 PDT"]
[Termination "pedromartinez91 won by resignation"]

1. e4 e6 2. d4 d5 3. Nd2 Nf6 4. e5 Nfd7 5. Bd3 c5 6. c3 Nc6 7. Ne2 cxd4 8. cxd4 f6 9. exf6 Nxf6 10. Nf3 Bd6 11.
O-O O-O 12. Bf4 Bxf4 13. Nxf4 Ne4 14. Qc1 g5 15. Ne2 h6 16. Ng3 Nxg3 17. fxg3 Qb6 18. Qe3 Bd7 19. h4 Rxf3 20. Qxf3 Qxd4+ 21. Kh1 Qg7 22. Rae1 Nd4 23. Qe3 Re8 24. h5 e5 25.
Bg6 Re7 26. Qa3 Be8 27. Qxa7 Bxg6 28. hxg6 Qxg6 29. Qb8+ Qe8 30. Qd6 Qd7 31. Qxh6 Rg7 32. Kg1 e4 33. Qf6 Ne6 34. Qe5 Qe7 35. Rf6 Qc5+ 36. Rf2 Nd4 37. Qe8+ Kh7 38. Qh5+ Kg8 39. Ref1 Ne6 40. Qe8+ Kh7 41. Qxe6 1-0

[Event "*** Titled Tuesday 3|2 Blitz"]
[Site "Chess.com"]
[Date "2015.07.07"]
[Round "5"]
[White "jbj"]
[Black "armago"]
[Result "1-0"]
[WhiteElo "2256"]
[BlackElo "2144"]
[TimeControl "180+2"]
[EndTime "12:00:15 PDT"]
[Termination "jbj won by checkmate"]

1. e4 c5 2. d4 cxd4 3. c3 Nf6 4. e5 Nd5 5. Nf3 Qc7 6. Na3 a6 7. cxd4 e6 8. Bd2 b5 9. Rc1 Nc6 10. Nc2 Bb7 11. Ne3 Nxe3 12. fxe3 Be7 13. Bd3 O-O 14. O-O Rac8 15. Qe1 f5 16. exf6 Bxf6 17. Bb4 Rf7 18. Ne5 Bxe5 19. Bxh7+ Kxh7 20. Rxf7 Bxh2+ 21. Kh1 Bg3 22. Qe2 Kg6 23. Rf3 Rh8+ 24. Kg1 Rh5 25. Qd3+ Kh6 26. e4 Bh2+ 27. Kf1 Bf4 28. Bd2 Rh1+ 29. Ke2 Bxd2 30. Rxh1+ Kg6 31. e5+ Kg5 32. Qxd2+ Kg6 33. Qd3+ Kg5 34. Rg3+ Kf4 35. Qf3# 1-0

[Event "*** Titled Tuesday 3|2 Blitz"]
[Site "Chess.com"]
[Date "2015.07.07"]
[Round "5"]
[White "AlexCn1"]
[Black "Carolina-moon"]
[Result "1-0"]
[WhiteElo "2054"]
[BlackElo "1996"]
[TimeControl "180+2"]
[EndTime "12:00:16 PDT"]
[Termination "AlexCn1 won by checkmate"]

1. d4 f5 2. Bg5 g6 3. Nc3 Bg7 4. e4 fxe4 5. Nxe4 d5 6. Ng3 Nf6 7.
Bd3 Nc6 8. c3 O-O 9. N1e2 e5 10.
O-O e4 11. Bc2 h6 12. Bd2 g5 13. f3 exf3 14. Rxf3 Bg4 15. Rf2 Qd7 16. h3 Be6 17.
Nf5 Rae8 18. Neg3 Ne4 19. Bxe4 dxe4 20. Nxg7 Qxg7 21. Rxf8+ Qxf8 22. Qh5 Bf7 23. Qg4 Qe7 24.
Be3 Qe6 25. Qe2 Ne7 26. Rf1 Nd5 27. Rf5 Bg6 28. Re5 Qd7 29. Bxg5 Rxe5 30. dxe5 hxg5 31. Nxe4 Nf4 32. Qc4+ Kg7 33. Nxg5 Qf5 34. Qxf4 Qxf4 35. Ne6+ Kh6 36. Nxf4 Be4 37. Kf2 Kg5 38. Kg3 c6 39. h4+ Kh6 40. Kg4 a5 41. g3 b5 42. a3 c5 43. b4 cxb4 44. cxb4 a4 45. Nh3 Kg6 46. Ng5 Bf5+ 47. Kf4 Bd7 48. g4 Kh6 49. e6 Be8 50. h5 Kg7 51. Ke5 Kf8 52. Ne4 Ke7 53.
Nf6 Bc6 54. g5 Bf3 55. g6 Bxh5 56. g7 Bf7 57. exf7 Kxf7 58. g8=Q+ Ke7 59. Qe8# 1-0

[Event "*** Titled Tuesday 3|2 Blitz"]
[Site "Chess.com"]
[Date "2015.07.07"]
[Round "5"]
[White "stefanodinn"]
[Black "WanderingPuppet"]
[Result "1/2-1/2"]
[WhiteElo "2122"]
[BlackElo "2186"]
[TimeControl "180+2"]
[EndTime "12:00:29 PDT"]
[Termination "Game drawn by repetition"]

1. e4 c5 2. Nf3 d6 3. d4 cxd4 4.
Nxd4 Nf6 5. f3 a6 6. c4 e5 7.
Nc2 Nbd7 8. Nc3 Be7 9. Be2 O-O 10. O-O b5 11. cxb5 axb5 12. Bxb5 Ba6 13. Bxa6 Rxa6 14. Be3 Qb8 15. b4 Rc8 16. Nd5 Nxd5 17. exd5 Nb6 18. Qd3 Qb7 19. b5 Ra4 20. Rfd1 Rac4 21. Ne1 Rc3 22.
Qd2 Na4 23. Rab1 R3c4 24. Rb3 Bd8 25. b6 Nc3 26. Rc1 Nxd5 27. Rxc4 Rxc4 28. Bf2 h6 29. Qd3 Rc1 30. Qd2 Ra1 31. Qb2 Rd1 32. Qc2 Ra1 33.
Qb2 Rd1 34. Qc2 Ra1 35. Qb2 Rd1 36. Qc2 Ra1 37. Qb2 1/2-1/2

[Event "*** Titled Tuesday 3|2 Blitz"]
[Site "Chess.com"]
[Date "2015.07.07"]
[Round "5"]
[White "wanyaland"]
[Black "darkknight123456"]
[Result "1-0"]
[WhiteElo "2171"]
[BlackElo "2083"]
[TimeControl "180+2"]
[EndTime "12:00:44 PDT"]
[Termination "wanyaland won by resignation"]

1. Nf3 Nf6 2. g3 g6 3. Bg2 Bg7 4. d4 O-O 5. c4 c5 6. O-O cxd4 7. Nxd4 Nc6 8. Nc3 Qb6 9. Nb3 d6 10. Be3 Qd8 11. h3 Bf5 12. Rc1 Rc8 13. Nd5 Nd7 14. Qd2 Nce5 15. Qb4 b6 16. Nd4 Nc6 17. Nxc6 Rxc6 18.
g4 Be6 19. Nxe7+ Qxe7 20. Bxc6 Ne5 21. Bg2 f5 22. Rfd1 f4 23. Qxd6 Qxd6 24. Rxd6 Bxc4 25. Bd4 Bxe2 26. Rc7 f3 27. Rxg7+ Kxg7 28. Bxe5+ Kg8 29. Bf1 Rc8 30. Bc3 Re8 31. Bxe2 fxe2 32. Be1 Re4 33.
f3 Re5 34. Kf2 h5 35. Rd2 Ra5 36. b3 Rc5 37. Rxe2 b5 38. Kg3 hxg4 39. hxg4 Rc6 40. Re7 a6 41. Ra7 Rf6 42. Bc3 Rc6 43. Be5 b4 44. Kh4 Rc5 45. f4 a5 46. Kg5 a4 47.
bxa4 b3 48. axb3 Rc6 49. a5 Re6 50. a6 Rb6 51. b4 Rxb4 52. Rb7 Ra4 53. a7 Rxa7 1-0

[Event "*** Titled Tuesday 3|2 Blitz"]
[Site "Chess.com"]
[Date "2015.07.07"]
[Round "5"]
[White "Lupul_Cenusiu"]
[Black "AlexanderL"]
[Result "1/2-1/2"]
[WhiteElo "2393"]
[BlackElo "2526"]
[TimeControl "180+2"]
[EndTime "12:00:55 PDT"]
[Termination "Game drawn by agreement"]

1. d4 Nf6 2. c4 e6 3. Nf3 d5 4. e3 b6 5. Be2 Bb7 6. O-O dxc4 7. Bxc4 c5 8. dxc5 Qxd1 9. Rxd1 Bxc5 10. a3 Be7 11. b4 Nbd7 12. Bb2 O-O 13. Be2 a5 14. bxa5 Rxa5 15. Nbd2 Ra7 16. Nc4 Bd5 17. Nd4 Ra4 18. Rac1 Rfa8 19. Nb5 Rc8 20. Ne5 Rxc1 21. Rxc1 Nc5 22.
Nc3 Ra8 23. Nxd5 Nxd5 24. Bf3 Bf6 25. Rd1 Na4 26. Bd4 g6 27. Bxd5 exd5 28. Rb1 Rc8 29. Kf1 Rc2 30. g3 Be7 31. Rb3 Bc5 32. Nd7 Bxd4 33.
exd4 Rd2 34. Nxb6 Nxb6 35. Rxb6 Rxd4 36. Rb4 Rd2 37. a4 Kf8 38. a5 Ra2 39. Rb5 d4 40.
Rd5 Ra4 41. a6 Ke7 42. a7 Rxa7 43. Rxd4 Ra2 1/2-1/2

[Event "*** Titled Tuesday 3|2 Blitz"]
[Site "Chess.com"]
[Date "2015.07.07"]
[Round "5"]
[White "stepanosinovsky"]
[Black "AungTZ"]
[Result "1-0"]
[WhiteElo "2298"]
[BlackElo "2148"]
[TimeControl "180+2"]
[EndTime "12:01:01 PDT"]
[Termination "stepanosinovsky won by resignation"]

1. e4 c5 2. Nf3 Nc6 3. Nc3 d6 4.
d4 cxd4 5. Nxd4 Nf6 6. Be3 Ng4 7. Bb5 Nxe3 8. fxe3 Bd7 9. Bxc6 bxc6 10. O-O e6 11.
Qf3 Qe7 12. e5 d5 13. e4 g6 14. exd5 cxd5 15. Rae1 Bg7 16. Kh1 O-O 17. Qf4 Rab8 18. b3 Rbc8 19. Nce2 f6 20. exf6 Rxf6 21. Qe3 Rxf1+ 22.
Rxf1 Rf8 23. Rxf8+ Kxf8 24. Nf3 Bb5 25. Nf4 Kf7 26.
h4 Qf6 27. Ng5+ Kg8 28. Qxe6+ Qxe6 29. Ngxe6 Bf6 30. g3 d4 31. Kg2 Bc6+ 32. Kf2 Be4 33. Nd3 h6 34. Nec5 Bd5 35. a4 Kf7 36. b4 Ke7 37.
Ke2 Kd6 38. Nf4 Bf7 39. Kd3 a5 40. Ne4+ Ke5 41. Nxf6 Kxf6 42. bxa5 Ke5 43. a6 Be8 44. a7 Bc6 45. Nxg6+ Kd5 46. Ne7+ 1-0

[Event "*** Titled Tuesday 3|2 Blitz"]
[Site "Chess.com"]
[Date "2015.07.07"]
[Round "5"]
[White "ashookk"]
[Black "MasterLeif"]
[Result "0-1"]
[WhiteElo "1952"]
[BlackElo "2271"]
[TimeControl "180+2"]
[EndTime "12:01:02 PDT"]
[Termination "MasterLeif won by resignation"]

1. Nf3 d5 2. c4 c6 3. Qc2 Nf6 4. g3 g6 5. Bg2 Bg7 6. O-O O-O 7. d3 Re8 8. e4 dxe4 9. dxe4 e5 10. Nc3 Bg4 11. Rd1 Qe7 12. Be3 Nbd7 13. Rd2 Nc5 14. Rad1 Ne6 15. Ne2 Bxf3 16. Bxf3 Red8 17. h4 h5 18.
Rxd8+ Nxd8 19. Qd2 Ne6 20. Qd6 Qxd6 21. Rxd6 Bf8 22. Rd1 Be7 23. Bg2 Kf8 24. Bh3 Ng4 25. Bc1 Ke8 26. Kg2 Rd8 27. Rxd8+ Nxd8 28. f3 Nf6 29. Be3 b6 30. Kf2 Nd7 31. Bxd7+ Kxd7 32. Ke1 Ne6 33. Kd2 Bb4+ 34. Kd3 Bc5 35. Bxc5 Nxc5+ 36. Kc3 a5 37. b3 f5 38. exf5 gxf5 39. a3 Ne6 40. b4 axb4+ 41. axb4 Kd6 42. Kd3 Nf8 43. f4 e4+ 44. Kd4 Ne6+ 45. Ke3 c5 46. b5 Kc7 47. Nc3 Nd4 48. Nd5+ Kb7 49. Nf6 Nc2+ 50. Kd2 Na3 51. Kc3 e3 52. Nxh5 Nxc4 53. Ng7 e2 0-1

[Event "*** Titled Tuesday 3|2 Blitz"]
[Site "Chess.com"]
[Date "2015.07.07"]
[Round "5"]
[White "Dlugy"]
[Black "Cruel_Yaro"]
[Result "1-0"]
[WhiteElo "2551"]
[BlackElo "2484"]
[TimeControl "180+2"]
[EndTime "12:01:05 PDT"]
[Termination "Dlugy won by resignation"]

1. d4 Nf6 2. c4 c5 3. d5 e6 4. Nc3 exd5 5. cxd5 d6 6. Nf3 g6 7. Nd2 Bg7 8. e4 O-O 9. Be2 Re8 10. O-O Na6 11. f3 Nc7 12. a4 b6 13. Nc4 Ba6 14.
Bg5 Bxc4 15. Bxc4 a6 16. Kh1 Qd7 17. Qd3 Nh5 18. g4 Nf6 19. Bd2 h5 20. g5 Nh7 21. f4 b5 22. axb5 Bxc3 23. Bxc3 axb5 24. Rxa8 Rxa8 25. Bb3 Re8 26. Bc2 b4 27. Bd2 Qb5 28. Qxb5 Nxb5 29. Ba4 Rb8 30. e5 Nf8 31. Be3 Nd7 32.
exd6 Rb7 33. Rc1 Nxd6 34. Bc6 Ra7 35. Bxd7 Rxd7 36. Rxc5 Nf5 37. Bd2 Ne7 38. Bxb4 Nxd5 39. Bd2 Kf8 40. Kg2 Ke7 41. Kf3 Kd6 42. Rc4 Rb7 43. b4 Ne7 44. Ke4 Nc6 45. Be3 Re7+ 46. Kd3 Rb7 47. Bc5+ Kd5 48. Bf8 Rb5 49. Kc3 Nb8 50. Rc7 Ke6 51. Re7+ Kd5 52. Rxf7 1-0

[Event "*** Titled Tuesday 3|2 Blitz"]
[Site "Chess.com"]
[Date "2015.07.07"]
[Round "5"]
[White "kharposh"]
[Black "Jahonas"]
[Result "0-1"]
[WhiteElo "2166"]
[BlackElo "2101"]
[TimeControl "180+2"]
[EndTime "12:01:24 PDT"]
[Termination "Jahonas won by resignation"]

1. e4 c6 2. d4 d5 3. Nc3 dxe4 4.
Nxe4 Bf5 5. Ng3 Bg6 6. Nf3 Nd7 7. Bc4 e6 8. O-O Ngf6 9. Qe2 Nb6 10. Bb3 a5 11. a4 Nbd5 12. c3 Bd6 13. Ne5 Bxe5 14.
dxe5 Nd7 15. Re1 O-O 16. Bd2 Nc5 17. Bc4 Nb6 18. Rad1 Bc2 19. Be3 Bxd1 20. Rxd1 Qe7 21. Ba2 Nd5 22. Bc1 Nxa4 23. Bb1 f5 24. exf6 Qxf6 25.
Nh5 Qf7 26. g4 g6 27. Ng3 Naxc3 28. bxc3 Nxc3 29. Qc2 Nxd1 30. Qxd1 Qxf2+ 31. Kh1 Rad8 32. Qb3 Qe1+ 33. Kg2 Qxc1 34. Qxe6+ Rf7 35. Ba2 Qd2+ 36. Kh3 Qh6+ 37. Kg2 Rd2+ 38. Ne2 Qf4 39. Qe8+ Kg7 40. Bxf7 Qxf7 41. Qe5+ Qf6 42. Qc7+ Kg8 43. Qc8+ Rd8 44.
Qxb7 Rf8 45. Ng3 Qf3+ 46. Kh3 h5 47. gxh5 gxh5 48. Qxc6 Qxc6 0-1

[Event "*** Titled Tuesday 3|2 Blitz"]
[Site "Chess.com"]
[Date "2015.07.07"]
[Round "5"]
[White "VSERGUEI"]
[Black "KyronGriffith"]
[Result "1-0"]
[WhiteElo "2545"]
[BlackElo "2259"]
[TimeControl "180+2"]
[EndTime "12:01:34 PDT"]
[Termination "VSERGUEI won by resignation"]

1. d4 Nf6 2. c4 c5 3. d5 e6 4. Nc3 exd5 5. cxd5 d6 6. Nf3 g6 7. Bg5 Bg7 8. Nd2 O-O 9. e4 h6 10. Bh4 a6 11. a4 Re8 12. Be2 Nbd7 13. O-O Rb8 14.
Qc2 g5 15. Bg3 Ne5 16. a5 Nfd7 17. Kh1 Qe7 18. f4 gxf4 19. Rxf4 Ng6 20. Rf2 Nde5 21. h3 b5 22. axb6 Rxb6 23. Kh2 Bf6 24. Raf1 Bh4 25.
Bxh4 Qxh4 26. Nf3 Qf4+ 27. Kh1 Qe3 28. Nd1 Qb3 29. Qc1 Kg7 30. Ne3 Qxb2 31. Qe1 Qb4 32. Qc1 Qb2 33. Qe1 Qb4 34. Nd2 a5 35. Nf5+ Kh7 36.
Bh5 Bxf5 37. exf5 Ne7 38. Bxf7 Rf8 39. Bg6+ Kh8 40. Qe3 Qh4 41. Rf4 Nxd5 42. Qxe5+ dxe5 43. Rxh4 Kg7 44. Re4 Rb2 45. Nc4 Rb4 46. Rxe5 Rxc4 47. Rxd5 a4 48. Rd7+ Kf6 49. Rd6+ Kg7 50. Bh5 Ra8 51. f6+ Kf8 52. Rd7 a3 53. Rh7 Kg8 54. Bg6 Rca4 55. f7+ Kf8 56. Be4 a2 57. Bxa8 1-0

[Event "*** Titled Tuesday 3|2 Blitz"]
[Site "Chess.com"]
[Date "2015.07.07"]
[Round "5"]
[White "amaidel"]
[Black "TheLancer"]
[Result "0-1"]
[WhiteElo "2325"]
[BlackElo "2284"]
[TimeControl "180+2"]
[EndTime "12:01:38 PDT"]
[Termination "TheLancer won by resignation"]

1. d4 Nf6 2. Nf3 e6 3. c4 Bb4+ 4. Nbd2 Nc6 5. g3 d6 6. Bg2 Bxd2+ 7. Bxd2 e5 8. Bc3 Qe7 9. dxe5 dxe5 10. O-O Ne4 11. Qb3 Nxc3 12. Qxc3 O-O 13. b4 Qxb4 14.
Qxb4 Nxb4 15. Nxe5 Re8 16. Nd3 Nc2 17. Rac1 Nd4 18. Rb1 Nxe2+ 19. Kh1 Bf5 20. Rb3 Rad8 21. Nb4 c6 22. a4 Nd4 23. Rb2 Re2 24. Rxe2 Nxe2 25. Re1 Nc3 26. a5 Rd1 27. Rxd1 Nxd1 28. a6 bxa6 29. Nxc6 Be6 30. c5 Nxf2+ 31. Kg1 Nd3 32.
Nxa7 Nxc5 33. Nc6 Kf8 34. Kf2 Bd7 35. Na5 Bb5 36. Ke3 Ke7 37. Kd4 Kd6 38. Nc4+ Bxc4 39.
Kxc4 a5 40. Kb5 a4 41. Kb4 h6 42. Bf3 f5 43. Bg2 g5 44. Bf3 g4 45. Bg2 h5 46. Ba8 Nd3+ 47. Kxa4 Ke5 48. Kb3 Kd4 49. Kc2 Ke3 50. Kd1 Kf2 51. Kd2 Ne5 52. Kc3 Nf3 53. Bd5 Nxh2 54. Bf7 Kxg3 55. Bxh5 f4 56. Kd2 f3 57.
Bg6 f2 58. Bd3 f1=Q 59. Bxf1 Nxf1+ 60. Ke2 Kg2 0-1

[Event "*** Titled Tuesday 3|2 Blitz"]
[Site "Chess.com"]
[Date "2015.07.07"]
[Round "5"]
[White "Dr-Bassem"]
[Black "wonderfultime"]
[Result "0-1"]
[WhiteElo "2475"]
[BlackElo "2570"]
[TimeControl "180+2"]
[EndTime "12:01:41 PDT"]
[Termination "wonderfultime won on time"]

1. e4 e6 2. d3 d5 3. Nd2 Nf6 4. Ngf3 c5 5. g3 Nc6 6. Bg2 Be7 7. O-O O-O 8. Re1 b5 9. e5 Nd7 10. Nf1 b4 11. h4 f6 12. exf6 Nxf6 13. Bf4 Bd6 14.
Ne5 Nxe5 15. Bxe5 Bxe5 16. Rxe5 Qd6 17. d4 Ba6 18. Nh2 Rae8 19. c3 bxc3 20. bxc3 Bc4 21. Qd2 Nd7 22. Re3 e5 23. dxe5 Rxe5 24. Ng4 Ref5 25.
f4 h5 26. Nf2 R5f6 27. Rd1 Nb6 28. Ne4 dxe4 29. Qxd6 Rxd6 30. Rxd6 Bxa2 31. Rxe4 Bd5 32.
Re7 Bxg2 33. Kxg2 Nc8 34. Rdd7 Nxe7 35. Rxe7 Ra8 36. Re4 a5 37. Ra4 Kf7 38. Kf3 Ke6 39.
Ke4 g6 40. c4 Ra7 41. Ke3 Kf5 42. Kf3 Ra8 43. Ra1 a4 44. Ra3 Ra7 45. Ke3 Kg4 46. Ke4 Rd7 47. Ke5 Ra7 48. Kd6 Rb7 49. Kxc5 Rb3 50.
Rxa4 Rxg3 51. Kd4 Rf3 0-1

[Event "*** Titled Tuesday 3|2 Blitz"]
[Site "Chess.com"]
[Date "2015.07.07"]
[Round "5"]
[White "Bab3s"]
[Black "alexsuper1987"]
[Result "0-1"]
[WhiteElo "2156"]
[BlackElo "2044"]
[TimeControl "180+2"]
[EndTime "12:01:42 PDT"]
[Termination "alexsuper1987 won by resignation"]

1. e4 c5 2. c3 d6 3. d4 Nf6 4. Bd3 cxd4 5. cxd4 Nc6 6. Nf3 Bg4 7. d5 Bxf3 8. Qxf3 Ne5 9. Bb5+ Ned7 10. O-O a6 11.
Ba4 g6 12. Nc3 Bg7 13. Be3 O-O 14. Rac1 b5 15. Bb3 Ne5 16. Qe2 b4 17. Na4 Nfg4 18. Bd4 Qd7 19. Nb6 Qa7 20. Nxa8 Qxd4 21. Nc7 Bh6 22.
Rcd1 Qb6 23. Nxa6 Ra8 24. Nxb4 Qxb4 25. f4 Qb6+ 26. Kh1 Ne3 27. fxe5 Nxd1 28. Qxd1 dxe5 29.
d6 e6 30. d7 Rd8 31. Qf3 Rxd7 32. h3 Qe3 33. Qxe3 Bxe3 34. Bc4 Rd2 35. b4 Kf8 36. Bb3 Ke7 37. Rd1 Rb2 38. Rf1 f5 39.
exf5 exf5 40. Rd1 e4 41. b5 Bb6 42. Rc1 e3 43. Bc4 f4 44. Bd3 Ba5 45. Kg1 e2 46. Bxe2 Rxe2 47. a3 Ra2 48. Rc6 Rxa3 49. Ra6 Bb4 50.
Rc6 Kd7 51. Kf2 Bd6 52. Rb6 Rb3 53. Rb7+ Ke6 54. Rxh7 Rxb5 55. Rg7 Kf6 56. Rg8 Rd5 57. Ra8 Rd3 58. Ra6 Kf5 59. Ra5+ Ke4 60. Ra4+ Rd4 61. Ra6 Bc5 62. Rxg6 Rd6+ 0-1

[Event "*** Titled Tuesday 3|2 Blitz"]
[Site "Chess.com"]
[Date "2015.07.07"]
[Round "5"]
[White "Ginger_GM"]
[Black "Viaje"]
[Result "1/2-1/2"]
[WhiteElo "2388"]
[BlackElo "2234"]
[TimeControl "180+2"]
[EndTime "12:01:52 PDT"]
[Termination "Game drawn - insufficient material"]

1. e4 c5 2. a3 g6 3. h4 h6 4.
h5 g5 5. Ne2 Bg7 6. Ng3 e6 7. Nc3 Nc6 8. d3 d5 9. exd5 exd5 10. Be2 Nge7 11. O-O O-O 12. Bf3 Nd4 13. Re1 Be6 14. Bd2 a6 15. Rb1 Rc8 16. Be2 Re8 17. Bf1 Qd7 18. Nce2 Bg4 19. f3 Bxf3 20. gxf3 Nxf3+ 21. Kg2 Qg4 22. Ng1 Nxe1+ 23. Bxe1 Qxd1 24. Rxd1 f5 25. Bc3 f4 26. Bxg7 Kxg7 27. N3e2 Nf5 28. Kf2 Ne3 29. Rc1 Ng4+ 30. Kf3 Nf6 31. Kf2 Nxh5 32.
Bg2 Nf6 33. Nc3 Rcd8 34. Nge2 h5 35. Rh1 Kg6 36. Bf3 g4 37. Nxf4+ Kf5 38. Nxh5 gxf3 39.
Ng7+ Kg6 40. Nxe8 Rxe8 41. Kxf3 d4 42. Ne4 Nxe4 43. dxe4 Rf8+ 44. Ke2 Rf4 45. Kd3 Rf2 46.
b4 Rf3+ 47. Kc4 Rc3+ 48. Kd5 cxb4 49. axb4 Rxc2 50. Kxd4 b5 51. Kd5 Rc4 52. Ra1 Rxb4 53. Rxa6+ Kf7 54. e5 Rb1 55. Ra7+ Kf8 56. Ke6 b4 57.
Ra8+ Kg7 58. Rb8 b3 59. Ke7 b2 60. e6 Ra1 61. Rxb2 Ra7+ 62. Kd6 Ra6+ 63. Kd5 Ra5+ 64.
Kc6 Ra6+ 65. Kd7 Ra7+ 66. Kc8 Kf6 67. Re2 Re7 68. Kd8 Rxe6 69. Rxe6+ Kxe6 1/2-1/2

[Event "*** Titled Tuesday 3|2 Blitz"]
[Site "Chess.com"]
[Date "2015.07.07"]
[Round "5"]
[White "AndreyOstrovskiy"]
[Black "lukas_111111"]
[Result "1-0"]
[WhiteElo "2350"]
[BlackElo "2178"]
[TimeControl "180+2"]
[EndTime "12:01:52 PDT"]
[Termination "AndreyOstrovskiy won on time"]

1. e4 c5 2. Nf3 d6 3. d4 cxd4 4.
Nxd4 Nf6 5. Nc3 g6 6. Be3 Bg7 7. f3 Nc6 8. Qd2 O-O 9. g4 Be6 10. Nxe6 fxe6 11. Bc4 Qc8 12. Bb3 Ne5 13. O-O-O Nxf3 14. Qg2 Ne5 15. g5 Nh5 16. Qh3 Nc4 17. Bd4 Nf4 18.
Qf1 Ne5 19. Kb1 a6 20. h4 b5 21. Ne2 Nxe2 22. Qxe2 Nc4 23. h5 Bxd4 24. Rxd4 Qc5 25. Rdd1 Qe5 26. Bxc4 bxc4 27. Qxc4 Rab8 28. b3 Rfc8 29.
Qe2 a5 30. hxg6 hxg6 31. Rh6 Kg7 32. Rdh1 Rh8 33. Qg4 Rxh6 34. gxh6+ Kh7 35. Rg1 Qf6 36. Qg2 Rf8 37. a4 Rf7 38. Qd2 Qe5 39. Ka2 Rf4 40.
Re1 Rxe4 41. Rf1 Re2 42. Rf7+ Kg8 43. Rg7+ Kh8 44. Qd3 Qe4 45. Qxe4 Rxe4 46. Rxe7 Re2 47. Kb2 g5 48. Rg7 Re5 49. c3 Rf5 50. b4 Rd5 51. Kb3 Rf5 52. b5 Rf6 53. b6 1-0

[Event "*** Titled Tuesday 3|2 Blitz"]
[Site "Chess.com"]
[Date "2015.07.07"]
[Round "5"]
[White "Canonkasparov"]
[Black "alturas_pacificas"]
[Result "0-1"]
[WhiteElo "2235"]
[BlackElo "2078"]
[TimeControl "180+2"]
[EndTime "12:02:48 PDT"]
[Termination "alturas_pacificas won by resignation"]

1. d4 d5 2. Nf3 Nf6 3. Bf4 c5 4. c3 Nc6 5. e3 Qb6 6. Qc2 Bf5 7. dxc5 Bxc2 8. cxb6 axb6 9. Na3 Be4 10. Nb5 Rc8 11.
Be2 e6 12. O-O Be7 13. h3 O-O 14. Rfd1 h6 15. Bh2 Ra8 16. Nfd4 Nxd4 17. exd4 Bc2 18. Re1 Ba4 19. b3 Bxb5 20. Bxb5 Rac8 21. c4 dxc4 22. bxc4 Rfd8 23. Rad1 Bd6 24. Be5 Bxe5 25. dxe5 Ne8 26.
a4 Nc7 27. Rd6 Nxb5 28. cxb5 Rxd6 29. exd6 Kf8 30. d7 Rd8 31. Rc1 Rxd7 32. Rc4 Ke7 33. g3 e5 34. Kg2 f5 35. Kf1 g5 36. Ke2 Ke6 37. h4 e4 38. hxg5 hxg5 39. Rc8 f4 40. gxf4 gxf4 41. Rf8 Ke5 42. Re8+ Kd4 43. Re6 f3+ 44.
Kd2 Kd5 45. Re8 Kd4 46. Rc8 Ke5+ 47. Kc2 e3 48. fxe3 Kf5 49. Rg8 Ke4 50. Re8+ Kf5 51. Rg8 Ke4 52. Re8+ Kf5 53. Rf8+ Kg4 54. Rg8+ Kh3 55.
Rf8 Kg2 56. Kc3 f2 57. Kb4 f1=Q 58. Rxf1 Kxf1 59. a5 bxa5+ 60. Kxa5 Ke2 61. e4 Ke3 62. e5 Kd4 63. e6 Re7 64. Kb6 Kd5 65. Ka7 Kxe6 66.
b6 Kd5 67. Kb8 Kc6 68. Ka7 Rh7 69. Kb8 Kxb6 70. Kc8 Kc6 71. Kb8 b5 72. Ka8 Kb6 0-1

[Event "*** Titled Tuesday 3|2 Blitz"]
[Site "Chess.com"]
[Date "2015.07.07"]
[Round "5"]
[White "zmaj23"]
[Black "Imre91"]
[Result "1-0"]
[WhiteElo "2456"]
[BlackElo "2592"]
[TimeControl "180+2"]
[EndTime "12:03:14 PDT"]
[Termination "zmaj23 won by resignation"]

1. e4 e6 2. Nc3 d5 3. d4 dxe4 4.
Nxe4 Bd7 5. Nf3 Bc6 6. Bd3 Nd7 7. Qe2 Be7 8. O-O Ngf6 9. Neg5 h6 10. Nxe6 fxe6 11. Bg6+ Kf8 12. Qxe6 Bd5 13. Qe2 Bf7 14. Bxf7 Kxf7 15. Re1 Re8 16. Qe6+ Kf8 17. Nh4 g5 18.
Ng6+ Kg7 19. Nxe7 Nf8 20. Qe2 Qd7 21. b3 Ng6 22. Ba3 Nd5 23. Qe4 Ndxe7 24. Qxb7 Qc6 25.
Qxc6 Nxc6 26. d5 Nce5 27. Bb2 Kf7 28. Re3 Rad8 29. c4 g4 30. Bc3 Nd7 31. Rae1 Rxe3 32.
fxe3 Nge5 33. Kf1 Kg6 34. Ke2 Rf8 35. e4 c5 36. Ke3 g3 37. hxg3 Ng4+ 38. Kd2 Nde5 39.
Ba5 Rf2+ 40. Re2 Rf1 41. Bc7 Ra1 42. Kc3 Rc1+ 43. Kb2 Nd3+ 44. Ka3 Nge5 45. Ka4 Rf1 46. Kb5 Kf6 47. Ka6 Ke7 48. Kxa7 Kd7 49. Bxe5 Nxe5 50.
a4 Kc7 51. Ka6 Kd6 52. Kb5 Rb1 53. Re3 Ra1 54. a5 Kc7 55. Kxc5 Rxa5+ 56. Kd4 Ng4 57.
Rf3 Ra2 58. Rf7+ Kd8 59. d6 Rd2+ 60. Kc5 Ne5 61. Rf5 Nd7+ 62. Kc6 Re2 63. Rf4 Ne5+ 64.
Kd5 Nd3 65. Rf8+ Kd7 66. c5 Nb4+ 67. Kc4 Rxe4+ 68. Kb5 Nd5 69. Rf7+ Ke6 70. Rh7 Rb4+ 71.
Kc6 Nf6 72. Rxh6 Rxb3 73. d7 Rd3 74. Rxf6+ Kxf6 75. Kc7 Ke7 76. c6 Rd6 77. g4 1-0

[Event "*** Titled Tuesday 3|2 Blitz"]
[Site "Chess.com"]
[Date "2015.07.07"]
[Round "5"]
[White "MinhGTrAn"]
[Black "GeorgMeier"]
[Result "1-0"]
[WhiteElo "2592"]
[BlackElo "2723"]
[TimeControl "180+2"]
[EndTime "12:03:23 PDT"]
[Termination "MinhGTrAn won on time"]

1. d4 e6 2. c4 d5 3. Nc3 Nf6 4.
cxd5 exd5 5. Bg5 c6 6. e3 Bf5 7. Bd3 Bxd3 8. Qxd3 Nbd7 9. Nge2 Be7 10. O-O O-O 11. Rab1 a5 12. f3 a4 13. Rbd1 Qa5 14. Bh4 Rfd8 15. Bg3 c5 16. dxc5 Nxc5 17. Qb5 Ne6 18. Qxa5 Rxa5 19. Nd4 g6 20. Nxe6 fxe6 21. Bc7 Rda8 22. Bxa5 Rxa5 23. Rd3 Nd7 24. Rc1 Ne5 25.
Rd2 Bc5 26. Nd1 Kf7 27. Kf1 Nc4 28. Rd3 Kf6 29. Ke2 b6 30. Rc2 g5 31. Rdc3 Ne5 32.
Nf2 Nc4 33. Nd3 Bd6 34. b3 Na3 35. Rc1 Nb5 36. Rc6 axb3 37. axb3 Bxh2 38. Rxb6 Ra2+ 39. Kf1 Nc7 40. f4 Ne8 41. Nb4 Rd2 42. Ke1 Rxg2 43.
Rcc6 Ng7 44. Nxd5+ Kf5 45. Rb7 gxf4 46. Nxf4 Bxf4 47. exf4 h5 48. Rc4 h4 49. Rb5+ Kf6 50. Kf1 Rb2 51. Rc3 Nf5 52. Rb8 Ng3+ 53. Ke1 Kf5 54.
Rf8+ Kg4 55. Rh8 Nf5 56. Rc4 Kf3 57. Kd1 Rh2 58. Kc1 Rf2 59. Rc2 Rf1+ 60. Kb2 Kxf4 61. b4 Rd1 62. b5 Rd6 63. Rc6 Rd5 64. Rc4+ Kg3 65. Rb4 Rd7 66. b6 Rb7 67. Ka3 Ne3 68.
Rb3 Kf2 69. Rxh4 1-0